 Dungeon Crawl Stone Soup version 0.32-a0-18-g89e19f1974 (webtiles) character file.

Game seed: 11552676022301082505

2003 cforsyth the Fighter (level 9, -8/98 HPs)
             Began as an Oni Shapeshifter on Jan 16, 2024.
             Killed from afar by a steam dragon (16 damage)
             ... with a ball of steam
             ... on level 7 of the Dungeon.
             The game lasted 00:12:09 (7319 turns).

cforsyth the Fighter (Oni Shapeshifter)             Turns: 7319, Time: 00:12:10

Health: -8/98      AC:  3    Str: 22 (23) XL:     9   Next: 22%
Magic:  9/9        EV:  9    Int: 15      God:
Gold:   337        SH:  0    Dex:  6 (7)  Spells: 8/8 levels left

rFire   . .          .
                       - Unarmed
rCold   . . .        (no shield)
rNeg    . . .        a - +0 animal skin
rPois   .            (helmet currently unavailable)
rElec   .            (cloak currently unavailable)
rCorr   .            (gloves unavailable)
SInv    .            (boots unavailable)
Will    .....        (no amulet)
Stlth   +            (no ring)
HPRegen 0.36/turn    (no ring)
MPRegen 0.11/turn

%: no passive effects
@: beast-form
A: beast (slay +3), large, unfitting armour, horns 1, tough skin 1, double
potion healing, drunken brawling, fangs 1, clever 1, deterioration 1, MP-powered
wands
a: Begin Untransformation


You were on level 7 of the Dungeon.
You were a hulking beast.
You visited 2 branches of the dungeon, and saw 8 of its levels.

You collected 337 gold pieces.

Inventory:

Armour
 a - a +0 animal skin (worn)
Jewellery
 v - an amulet of guardian spirit
 w - an amulet of faith
Talismans
 c - a beast talisman
 d - a flux talisman
Wands
 h - a wand of mindburst (9)
 o - a wand of paralysis (7)
 u - a wand of iceblast (11)
Scrolls
 b - a scroll of noise {unknown}
 e - 3 scrolls of amnesia
 f - 5 scrolls of identify {unknown}
 g - 2 scrolls of enchant weapon {unknown}
 i - a scroll of vulnerability {unknown}
 j - 3 scrolls of summoning {unknown}
 l - 2 scrolls of enchant armour {unknown}
 m - a scroll of brand weapon {unknown}
 p - 2 scrolls of immolation {unknown}
 q - a scroll of fog {unknown}
 r - a scroll of silence {unknown}
 s - 3 scrolls of teleportation {unknown}
 t - a scroll of revelation {unknown}
 x - 3 scrolls of poison {unknown}
 y - a scroll of fear {unknown}
Potions
 k - a potion of might
 n - a potion of mutation


   Skills:
 + Level 9.0 Fighting
 - Level 1.7 Dodging
 + Level 6.7 Unarmed Combat
 + Level 6.9 Shapeshifting


You had 8 spell levels left.
You didn't know any spells.
Your spell library contained the following spells:

 Spells                   Type           Power      Damage    Failure   Level
 Cigotuvi's Dreadful Rot  Necr/Alch/Air  0%         N/A       38%         2
 Dispel Undead            Necr           0%         3d6       95%         4
 Martyr's Knell           Necr/Summ      0%         N/A       95%         4
 Death Channel            Necr           0%         N/A       100%        6


Dungeon Overview and Level Annotations

Branches:
Dungeon (7/15)             Temple (1/1) D:4

Altars:
Ashenzari
Cheibriados
Dithmenos
Fedhas
Hepliaklqana
Kikubaaqudgha
Nemelex Xobeh
Okawaru
Sif Muna
Trog
Uskayaw
Wu Jian
Xom
Yredelemnul
Lugonu

Shops:
D:4 [((!   D:5 ?


Innate Abilities, Weirdness & Mutations

You are a hulking beast.
Your limbs bulge with bestial killing power. (Slay +3)
You are too large for most types of armour.
You have a pair of small horns on your head.
You have tough skin. (AC +1)
You gain doubled healing and magic from potions.
Whenever you drink a healing potion, you attack all around you.
You have very sharp teeth.
Your mind is acute. (Int +4, Str/Dex -1)
Your body sometimes deteriorates upon taking damage.
You expend magic power (3 MP) to strengthen your wands.


Message History

Beogh smites you!
You hear a shout!
An orc comes into view. It is wielding a +0 dagger.
The orc priest is engulfed in a cloud of scalding steam.
You punch the orc priest! Your headbutt misses the orc priest.
The orc priest is severely wounded.
A gnoll comes into view.
It is wielding a +0 flail of protection.
The orc priest is engulfed in a cloud of scalding steam.
The orc priest dies!
You hit the steam dragon. You bite the steam dragon.
The steam dragon is lightly wounded.
The steam dragon bites you! The steam dragon closely misses you.
The orc hits you with a +0 falchion.
You hit the steam dragon.
The steam dragon is lightly wounded.
The steam dragon barely misses you. The steam dragon claws you.
The orc hits you with a +0 falchion.
You are too injured to fight recklessly!
The steam dragon breathes steam at you. The ball of steam hits you!
* * * LOW HITPOINT WARNING * * *
Your body deteriorates!
You feel clumsy.
The orc priest attacks as it pursues you!
The orc priest hits you with a +0 flail!
* * * LOW HITPOINT WARNING * * *
The orc is engulfed in a cloud of scalding steam.
The orc dies!
The orc priest is engulfed in a cloud of scalding steam.
The orc priest is engulfed in a cloud of scalding steam.
The orc priest dies!
The steam dragon breathes steam at you. The ball of steam hits you!
* * * LOW HITPOINT WARNING * * *
You are engulfed in a cloud of scalding steam.
* * * LOW HITPOINT WARNING * * *
The steam dragon breathes steam at you. The ball of steam misses you.
The steam dragon breathes steam at you. The ball of steam hits you!
You die...

############
#..........#
#..<...h...#
#.......§..#
#........§.#
#..........##########
#...........D.Do.g..##
#..........########..#
#..........# ##§###
########.(.### #.Do.
###...# #####


There were no monsters in sight!

Vanquished Creatures
  5 water moccasins
  Duvessa (D:5)
  An ice beast (D:6)
  A black bear (D:7)
  A centaur (D:6)
  2 phantoms
  A kobold brigand (D:6)
  2 scorpions
  Dowan (D:5)
  3 bombardier beetles
  6 hounds
  A jelly (D:6)
  2 iguanas
  A sleepcap (D:6)
  2 orc wizards
  6 gnolls
  7 adders
  A shadow imp (D:7)
  4 ufetubi
  7 dart slugs
  6 ribbon worms
  23 orcs
  6 ball pythons
  14 endoplasms
  2 giant cockroaches (D:1)
  6 goblins
  2 hobgoblins
  A quokka (D:2)
  6 bats
  5 frilled lizards
  14 kobolds
  5 rats
145 creatures vanquished.

Vanquished Creatures (others)
  2 orc priests (D:7)
  An orc (D:7)
3 creatures vanquished.

Grand Total: 148 creatures vanquished

Notes
Turn   | Place    | Note
-------+----------+-------------------------------------------
     0 | D:1      | cforsyth the Oni Shapeshifter began the quest for the Orb.
     0 | D:1      | Reached XP level 1. HP: 19/19 MP: 1/1
   171 | D:1      | Reached skill level 2 in Fighting
   171 | D:1      | Reached XP level 2. HP: 28/28 MP: 2/2
   515 | D:1      | Reached XP level 3. HP: 30/36 MP: 3/3
   988 | D:2      | Reached skill level 3 in Fighting
  1099 | D:2      | Reached XP level 4. HP: 38/45 MP: 4/4
  1852 | D:3      | Found a faded altar of an unknown god.
  2050 | D:3      | Reached XP level 5. HP: 50/54 MP: 5/5
  2415 | D:4      | Found a shimmering altar of Xom.
  2469 | D:4      | Reached skill level 4 in Fighting
  2587 | D:4      | Found Dine's Armour Emporium.
  2631 | D:4      | Found Dasm's Weapon Shop.
  2704 | D:4      | Found a staircase to the Ecumenical Temple.
  2712 | Temple   | Entered the Ecumenical Temple
  2752 | D:4      | Noticed a water moccasin
  2770 | D:4      | Killed a water moccasin
  2771 | D:4      | Reached XP level 6. HP: 29/65 MP: 6/6
  2800 | Temple   | Reached skill level 5 in Fighting
  2962 | D:4      | Found Fuwoho's Distillery.
  2971 | D:4      | Found Hutipha's Weapon Shoppe.
  2996 | D:4      | HP: 3/99 [orc/+0 flail (6)]
  2998 | D:4      | HP: 1/99 [orc/+0 flail (1)]
  3331 | D:5      | Entered Level 5 of the Dungeon
  3338 | D:5      | Reached XP level 7. HP: 51/72 MP: 7/7
  3583 | D:5      | Noticed Dowan
  3584 | D:5      | Noticed Duvessa
  3598 | D:5      | Killed Duvessa
  3599 | D:5      | Reached skill level 5 in Shapeshifting
  3682 | D:5      | Killed Dowan
  3683 | D:5      | Reached skill level 6 in Fighting
  3911 | D:5      | Found a snail-covered altar of Cheibriados.
  3923 | D:5      | Gained mutation: You expend magic power (3 MP) to
                  | strengthen your wands. [potion of mutation]
  3923 | D:5      | Gained mutation: Your body sometimes deteriorates upon
                  | taking damage. [potion of mutation]
  3923 | D:5      | Gained mutation: You have very sharp teeth. [potion of
                  | mutation]
  3923 | D:5      | Gained mutation: Your mind is acute. (Int +4, Str/Dex -1)
                  | [potion of mutation]
  3924 | D:5      | HP: 3/75 [water moccasin (2)]
  3926 | D:5      | Reached skill level 5 in Unarmed Combat
  4140 | D:5      | Reached XP level 8. HP: 58/84 MP: 8/8
  4226 | D:5      | Found an ancient bone altar of Kikubaaqudgha.
  4247 | D:5      | Found a shimmering blue altar of Sif Muna.
  4525 | D:5      | Found Tojur's Magic Scroll Emporium.
  4700 | D:5      | Found an iron altar of Okawaru.
  4799 | D:5      | Reached skill level 7 in Fighting
  4806 | D:5      | HP: 4/87 [poisoned by a water moccasin]
  4811 | D:5      | HP: 1/87 [poisoned by a water moccasin]
  5271 | D:6      | Found a shadowy altar of Dithmenos.
  6071 | D:6      | Reached skill level 8 in Fighting
  6376 | D:6      | Found a hazy altar of Hepliaklqana.
  6376 | D:6      | Found a hide-covered altar of Uskayaw.
  6596 | D:6      | Reached XP level 9. HP: 56/97 MP: 9/9
  7203 | D:7      | Reached skill level 9 in Fighting
  7306 | D:7      | HP: 3/98 [something] (6)]
  7319 | D:7      | Killed from afar by a steam dragon

Illustrated notes

Levels and vault maps discovered:
D:1:      onia_arrival_pyramid, layout_basic, nicolae_titane
D:2:      minmay_chambers_of_ones, layout_basic
D:3:      layout_basic, dreamdust_ecumenical_altar_grove
D:4:      layout_cave_pools, brannock_xom_greatest_gift, temple_statues,
          serial_shops, shop, nicolae_shop_statue_plus, nicolae_shop_stone,
          nicolae_shop_trees, grunt_ministairs_10, lightli_minifort
D:5:      layout_basic, mainiacjoe_overflow_catwalk,
          mainiacjoe_overflow_alcove_4, grunt_temple_overflow_open,
          serial_shops, shop, minivault_27, kennysheep_small_spiral,
          uniq_duvessa
D:6:      layout_loops_ring, nicolae_dithmenos_shadow_blocks,
          gammafunk_temple_overflow_elements, kennysheep_doodads, st_stairs_11,
          minmay_misc_feat_four_crosses
D:7:      layout_rooms, tso_altar, serial_shops, shop, kennysheep_generic_room_9
Temple:   corrupted_temple

Skill      XL: |  1  2  3  4  5  6  7  8  9 |
---------------+----------------------------+-----
Fighting       | 2 3 4 5 6 8 9 |  9.0
Unarmed Combat | 3 4 5 6 |  6.7
Shapeshifting  | 4 5 6 |  6.9
Dodging        | |  1.7

Action                     |  1- 3 |  4- 6 |  7- 9 || total
---------------------------+-------+-------+-------++-------
  Melee: Unarmed           |    76 |   155 |   209 ||   440
         Headbutt          |     9 |    22 |    29 ||    60
         Punch             |     1 |     4 |     4 ||     9
         Bite              |       |       |    21 ||    21
  Evoke: Wand              |       |       |     6 ||     6
    Use: Potion            |       |     4 |     8 ||    12
         Scroll            |       |     1 |       ||     1
 Armour: Animal skin       |    42 |   102 |   203 ||   347
         Skin              |       |    11 |       ||    11
  Dodge: Dodged            |    26 |    59 |   123 ||   208

Table legend: (Time is in decaauts)
 A = Elapsed time spent in this place.
 B = Non-inter-level travel time spent in this place.
 C = Inter-level travel time spent in this place.
 D = Time resting spent in this place.
 E = Time spent auto-exploring this place.
 F = Levels seen in this place.
 G = Mean time per level.
                   A        B        C        D        E       F      G
               +--------+--------+--------+--------+--------+-----+--------+
         Total |   7277 |   6988 |    289 |    724 |   5126 |   8 |  909.6 |
       Dungeon |   7110 |   6833 |    277 |    724 |   4996 |   7 | 1015.7 |
        Temple |    167 |    155 |     12 |      0 |    130 |   1 |  167.0 |
               +--------+--------+--------+--------+--------+-----+--------+

Top non-repeatable levels by time:
     D:6: 1669 daAuts
     D:5: 1512 daAuts
     D:4: 1195 daAuts
     D:2: 1056 daAuts
     D:3: 804 daAuts
     D:1: 700 daAuts
     D:7: 172 daAuts
  Temple: 167 daAuts
